 Dungeon Crawl Stone Soup version 0.29.0-4-gdea44cf6ec (webtiles) character file.

Game seed: 10097300775954448032

109 qw the Chopper (level 4, 0/26 HPs)
             Began as a Tengu Warper on Aug 28, 2022.
             Slain by an orc wizard
             ... wielding a +0 dagger
              (1 damage)
             ... on level 3 of the Dungeon.
             The game lasted 00:00:08 (1276 turns).

qw the Chopper (Tengu Warper)                       Turns: 1276, Time: 00:00:09

Health: 0/26       AC:  6    Str: 14    XL:     4   Next: 90%
Magic:  8/8        EV: 11    Int: 13    God:
Gold:   63         SH:  0    Dex: 13    Spells: 7/7 levels left

rFire   . . .      SeeInvis .   Y - +0 hand axe
rCold   . . .      Faith    .   (no shield)
rNeg    . . .      Spirit   .   g - +0 ring mail
rPois   .          Reflect  .   (helmet restricted)
rElec   .          Harm     .   (no cloak)
rCorr   .          Rampage  .   c - +0 pair of gloves
Will    .....                   (boots unavailable)
Stlth   +.........              (no amulet)
HPRegen 0.08/turn               (no ring)
MPRegen 0.11/turn               (no ring)

@: brilliant
A: beak, talons 3
a: no special abilities


You were on level 3 of the Dungeon.
You visited 1 branch of the dungeon, and saw 3 of its levels.

You collected 63 gold pieces.


Innate Abilities, Weirdness & Mutations

You have a beak for a mouth.
You have claws for feet.


   Skills:
 - Level 2.0 Fighting
 + Level 5.4 Axes
 - Level 1.0 Throwing
 - Level 1.1 Armour
 - Level 2.1 Dodging
 - Level 2.0 Spellcasting
 - Level 2.4 Translocations


You had 7 spell levels left.
You didn't know any spells.
Your spell library contained the following spells:

 Spells                   Type           Power      Damage    Failure   Level
 Blink                    Tloc           22%        N/A       30%         2
 Gell's Gravitas          Tloc           11%        N/A       52%         3
 Lesser Beckoning         Tloc           11%        N/A       52%         3
 Teleport Other           Tloc           11%        N/A       52%         3
 Manifold Assault         Tloc           11%        N/A       99%         5

Inventory:

Hand Weapons
 d - a +0 flail
 Y - a +0 hand axe (weapon)
Missiles
 f - 8 javelins (quivered)
Armour
 c - a +0 pair of gloves (worn)
 g - a +0 ring mail (worn)
Potions
 a - a potion of curing {unknown}
 b - a potion of flight {unknown}
 h - a potion of ambrosia {unknown}
 j - a potion of invisibility {unknown}
 k - a potion of degeneration {unknown}

Dungeon Overview and Level Annotations

Branches:
Dungeon (3/15)

Altars:


Message History

You hit the orc priest. You claw the orc priest.
Your peck misses the orc priest.
The orc priest is almost dead.
You closely miss the orc. You hit the orc. x2
You kill the orc!
The orc closely misses you. x2
The orc priest mumbles some strange prayers to Beogh against you.
Beogh smites you!
You barely miss the orc priest. You claw the orc priest.
You kill the orc priest!
You hit the orc. You barely miss the orc. You hit the orc.
The orc hits you with a +0 flail. The orc barely misses you. x2
Your Axes skill increases to level 5!
You hit the orc.
You kill the orc!
You closely miss the orc. You hit the orc. The orc closely misses you.
You closely miss the orc.
The orc is severely wounded.
You hit the orc. You closely miss something. The orc barely misses you.
The orc hits you with a +0 short sword. Something hits you but does no damage.
You hit the orc.
You kill the orc!
You closely miss the orc. You barely miss something.
Something hits you but does no damage. The orc barely misses you.
You barely miss the orc.
The orc is heavily wounded.
You closely miss something. The orc hits you but does no damage.
Something hits you.
You hit the orc.
You kill the orc!
You hit something. Something hits you.
You hit something but do no damage. Your kick misses something.
Something hits you but does no damage.
You closely miss something. Your kick misses something.
Your peck misses something. Something hits you.
You die...

.[. #.. #..
#.. #.. #..
#.)#####
#.{@)..###.
#.#)#......
# #<.#.....
##.# ...>
.# ... .#
.. .# # .#
.#


There were no monsters in sight!

Vanquished Creatures
  An orc priest (D:3)
  Jessica (D:2)
  2 adders (D:2)
  A dart slug (D:1)
  4 orcs (D:3)
  4 ball pythons
  A bat (D:2)
  2 endoplasms
  2 goblins (D:2)
  4 hobgoblins
  A kobold (D:2)
  A quokka (D:1)
  5 frilled lizards
  2 rats (D:2)
31 creatures vanquished.

Vanquished Creatures (others)
  A plant (D:1)
1 creature vanquished.

Grand Total: 32 creatures vanquished

Notes
Turn   | Place    | Note
-------+----------+-------------------------------------------
     0 | D:1      | qw the Tengu Warper began the quest for the Orb.
     0 | D:1      | Reached XP level 1. HP: 12/12 MP: 4/4
     0 | D:1      | 0 ||| qw: Version: 0.1-a-89-g26bdef1
     0 | D:1      | 0 ||| qw: Game counter: 3351
     0 | D:1      | 0 ||| qw: Always use a shield: true
     0 | D:1      | 0 ||| qw: God list: Okawaru
     0 | D:1      | 0 ||| qw: Allow faded altars: false
     0 | D:1      | 0 ||| qw: Do Orc after D:15 true
     0 | D:1      | 0 ||| qw: Do second Lair branch before Depths: true
     0 | D:1      | 0 ||| qw: Lair rune preference: random
     0 | D:1      | 0 ||| qw: Plans: Normal
     0 | D:1      | 0 ||| PLANNING D:1-11
    30 | D:1      | 30 ||| Stepping ~*~*~tactically~*~*~ (stealth).
   190 | D:1      | Reached XP level 2. HP: 17/17 MP: 6/6
   372 | D:1      | Reached skill level 3 in Axes
   620 | D:1      | 620 ||| UPGRADING to +0 ring mail.
   630 | D:1      | 630 ||| DROPPING +0 leather armour.
   631 | D:1      | 631 ||| READING scroll labelled IGUCEN YNWYWIJ.
   632 | D:1      | 632 ||| DROPPING scroll of blinking.
   779 | D:2      | Reached XP level 3. HP: 21/21 MP: 7/7
   898 | D:2      | 898 ||| Stepping ~*~*~tactically~*~*~ (hiding).
   899 | D:2      | 899 ||| Stepping ~*~*~tactically~*~*~ (hiding).
   905 | D:2      | Reached skill level 4 in Axes
  1037 | D:2      | Noticed Jessica
  1039 | D:2      | 1039 ||| Stepping ~*~*~tactically~*~*~ (hiding).
  1040 | D:2      | 1040 ||| Stepping ~*~*~tactically~*~*~ (hiding).
  1044 | D:2      | Killed Jessica
  1045 | D:2      | Reached XP level 4. HP: 22/26 MP: 8/8
  1242 | D:2      | 1242 ||| UPGRADING to +0 pair of gloves.
  1247 | D:2      | 1247 ||| DROPPING scarf of invisibility.
  1248 | D:2      | 1248 ||| READING scroll labelled IMULIX YCOIMETU.
  1249 | D:2      | 1249 ||| DRINKING 2 metallic black potions.
  1250 | D:2      | 1250 ||| DROPPING potion of brilliance.
  1269 | D:3      | HP: 5/26 [orc/+0 flail (4)]
  1270 | D:3      | Reached skill level 5 in Axes
  1274 | D:3      | HP: 1/26 [something (2)]
  1276 | D:3      | Slain by an orc wizard

Levels and vault maps discovered:
D:1:      evilmike_arrival_hilbert_curve, layout_rooms, serial_bayou_ford_a,
          chequers_serial_rivers_micro_a
D:2:      layout_rooms, uniq_jessica
D:3:      layout_rooms, nicolae_tso_besieged_by_evil, tgw_xom,
          nicolae_overflow_crystal_walls,
          shapermc_ecumenical_altar_mp_urbaneastern, grunt_ministairs_7,
          uniq_natasha

Skill      XL: |  1  2  3  4 |
---------------+-------------+-----
Axes           | 3 4 5 |  5.4
Fighting       | |  2.0
Throwing       | |  1.0
Armour         | |  1.1
Dodging        | |  2.1
Spellcasting   | |  2.0
Translocations | |  2.4

Action                   |  1- 3 |  4- 6 || total
-------------------------+-------+-------++-------
Melee: Hand axe          |    33 |    17 ||    50
       Peck              |     7 |       ||     7
       Kick              |     9 |     6 ||    15
Throw: Boomerang         |     7 |       ||     7
       Javelin           |    19 |     1 ||    20
  Use: Scroll            |     1 |     1 ||     2
       Potion            |       |     1 ||     1
Armor: Leather armour    |     1 |       ||     1
       Ring mail         |     3 |     6 ||     9
Dodge: Dodged            |    15 |     9 ||    24

Table legend:
 A = Non-vault XP
 B = Vault XP
 C = Vault XP percentage of total XP
 D = Non-vault monster count
 E = Vault monster count
 F = Vault count percentage of total count
                 A         B        C        D         E       F
            +---------+---------+-------+---------+---------+-------
      Total |     120 |      37 |  23.6 |      30 |       1 |   3.2
            +---------+---------+-------+---------+---------+-------
        D:1 |      22 |       0 |   0.0 |      12 |       0 |   0.0
        D:2 |      43 |      37 |  46.2 |      13 |       1 |   7.1
        D:3 |      55 |       0 |   0.0 |       5 |       0 |   0.0
            +---------+---------+-------+---------+---------+-------
